 Dungeon Crawl Stone Soup version 0.27-a0-416-gca2cecf3c0 (webtiles) character file.

Game seed: 1052593189266133794

49 dickylongcocking the Sneak (level 3, -6/26 HPs)
             Began as an Octopode Delver on Feb 25, 2021.
             Mangled by an orc
             ... wielding a +0 trident
              (7 damage)
             ... on level 3 of the Dungeon.
             The game lasted 00:00:10 (231 turns).

dickylongcocking the Sneak (Octopode Delver)         Turns: 231, Time: 00:00:10

Health: -6/26      AC:  1    Str: 11    XL:     3   Next: 75%
Magic:  3/3        EV: 13    Int: 12    God:
Gold:   19         SH:  0    Dex: 14    Spells: 2/2 levels left

rFire    . . .     SeeInvis .     - Unarmed
rCold    . . .     Faith    .   (no shield)
rNeg     . . .     Spirit   .   (helmet restricted)
rPois    .         Reflect  .   (no amulet)
rElec    .         Harm     .   (no ring)
rCorr    .         Rampage  .   (no ring)
Will     .....                  (no ring)
Stlth    ++++......             (no ring)
HPRegen  0.08/turn              (no ring)
MPRegen  0.08/turn              (no ring)
                                (no ring)
                                (no ring)

@: no status effects
A: almost no armour, stealthy swim, amphibious, 8 rings, constrict 8, camouflage
1, gelatinous body 1
a: no special abilities


You were on level 3 of the Dungeon.
You visited 1 branch of the dungeon, and saw 3 of its levels.

You collected 19 gold pieces.

Inventory:

Wands
 e - a wand of digging (3)
Scrolls
 a - a scroll of fog
 b - a scroll of magic mapping
 c - a scroll of fear
 f - a scroll of immolation {unknown}
Potions
 d - a potion of haste


   Skills:
 - Level 3.0 Fighting
 - Level 2.0 Dodging
 - Level 6.6 Stealth
 * Level 4.0 Unarmed Combat


You had 2 spell levels left.
You didn't know any spells.
Your spell library was empty.

Dungeon Overview and Level Annotations

Branches:
Dungeon (5/15)
 Temple: D:4-7

Altars:


Innate Abilities, Weirdness & Mutations

You cannot wear most types of armour.
You are very stealthy in the water. (Stealth+)
You are amphibious.
You can wear up to eight rings at the same time.
You can use your tentacles to constrict eight enemies at once.
Your skin changes colour to match your surroundings (Stealth+).
Your rubbery body absorbs attacks. (AC +1, EV +1)


Message History

You open the door.
There is an open door here.
Found a flail.
You open the door.
Found a stone staircase leading up.
There is an open door here.
No target in view!
No target in view!
(D) Dungeon
Where to? (? - help)
There is a stone staircase leading up here.
You climb upwards. 3 orcs come into view.
Found 13 gold pieces.
There is a stone staircase leading down here.
Unknown command.
Unknown command.
There are monsters nearby!
An orc comes into view. It is wielding a +0 club.
The orc shouts! x2
A rat comes into view.
There are monsters nearby!
The orc hits you with a +0 club. The orc misses you.
You tentacle-slap the orc. Your grab misses the orc.
The orc is almost dead.
You tentacle-slap the orc but do no damage.
Your grab misses the orc. Your squeeze misses the orc.
The orc hits you with a +0 club. The orc hits you with a +0 hand axe.
You barely miss the orc. You grab the orc.
The orc is almost dead.
You constrict the orc.
You kill the orc!
The orc hits you with a +0 trident. The orc hits you with a +0 hand axe.
* * * LOW HITPOINT WARNING * * *
Your Unarmed Combat skill increases to level 4!
Unknown command.
The orc hits you with a +0 trident.
* * * LOW HITPOINT WARNING * * *
The orc hits you from afar with a +0 trident!
You die...

#### # #..
#.#.# #.#@###
#.....# #.ooo.#
......r.$.....#
#.###.....##..#
#.....# .#
#.#.### # .##.#
.# #..


You could see 3 orcs and a rat.

Vanquished Creatures
  A scorpion (D:4)
  An orc (D:3)
2 creatures vanquished.

Notes
Turn   | Place    | Note
-------+----------+-------------------------------------------
     0 | D:5      | dickylongcocking the Octopode Delver began the quest for
                  | the Orb.
     0 | D:5      | Reached XP level 1. HP: 16/16 MP: 1/1
    81 | D:4      | Noticed a scorpion
    91 | D:4      | Killed a scorpion
    92 | D:4      | Reached XP level 2. HP: 16/21 MP: 2/2
    92 | D:4      | Reached XP level 3. HP: 20/26 MP: 3/3
   230 | D:3      | HP: 1/26 [orc/+0 trident (6)]
   231 | D:3      | Mangled by an orc

Illustrated notes

Levels and vault maps discovered:
D:3:      layout_loops_ring, chequers_jeans
D:4:      layout_gridville, minmay_temple_entry_grid, uniq_eustachio
D:5:      layout_gridville, pdpol_wu_jian_five_deadly_venoms,
          portal_sewer_entry_b

Skill      XL: |  1  2  3 |
---------------+----------+-----
Unarmed Combat | 3 4 |  4.0
Fighting       | |  3.0
Dodging        | |  2.0
Stealth        | |  6.6

Action                   || total
-------------------------++-------
Melee: Unarmed           ||     7
       Constrict         ||     2
       Punch             ||     1
       Tentacles         ||     1
 Stab: Sleeping          ||     1
Dodge: Dodged            ||     2

Table legend: (Time is in decaauts)
 A = Elapsed time spent in this place.
 B = Non-inter-level travel time spent in this place.
 C = Inter-level travel time spent in this place.
 D = Time resting spent in this place.
 E = Time spent auto-exploring this place.
 F = Levels seen in this place.
 G = Mean time per level.
                   A        B        C        D        E       F      G
               +--------+--------+--------+--------+--------+-----+--------+
         Total |    230 |    222 |      8 |     69 |    129 |   3 |   76.7 |
       Dungeon |    230 |    222 |      8 |     69 |    129 |   3 |   76.7 |
               +--------+--------+--------+--------+--------+-----+--------+

Top non-repeatable levels by time:
     D:4: 219 daAuts
     D:3: 6 daAuts
     D:5: 4 daAuts
